AoeStats
← viverodn17

MegaRandom

504594726Analyzed
4v4 RM · 27d ago on Sep 5, 2026· 50m 12s· 8 players
Game mode
Random Map
Map size
Large (8 player)
Population
200
Speed
Normal
Resources
Standard
Victory
Conquest
Starting age
Dark Age
Ending age
Imperial Age
RankedLock teamsTeams togetherTeam positionsShared explorationLock speedFull tech treeHidden civsTurbo modeCheats
Victory
Defeat
🇪🇸 Lithuanians · Spain
1068
+13
🇨🇿 Mongols · Czechia
1009
+15
🇩🇪 Saracens · Germany
954
+17
🇪🇸 Spanish · Spain
912
+20
🇪🇪 Italians · Estonia
1058
-19
🇹🇼 Huns · Taiwan
1003
-17
🇺🇸 Mongols · United States
955
-15
🇺🇸 Berbers · United States
933
-14
viverodn17
3:22 Loom
11:13 Feudal Age
14:59 Castle Age
13:00 Double-Bit Axe
20:39 Forging
22:35 Iron Casting
23:32 Crossbowman
24:13 Fletching
26:28 Ballistics
27:01 Bodkin Arrow
28:26 Padded Archer Armor
28:20 Town Watch
30:23 Thumb Ring
32:27 Leather Archer Armor
36:26 Imperial Age
36:02 Elite Skirmisher
38:07 Bracer
40:42 Chemistry
44:16 Ring Archer Armor
Prekvapko, tu Hanz
0:26 Loom
10:30 Feudal Age
12:53 Double-Bit Axe
13:16 Horse Collar
16:15 Castle Age
21:11 Padded Archer Armor
24:10 Fletching
27:21 Wheelbarrow
26:32 Town Watch
27:17 Bow Saw
29:32 Bodkin Arrow
34:00 Imperial Age
31:52 Hand Cart
32:17 Leather Archer Armor
32:12 Forging
32:59 Scale Barding Armor
32:59 Light Cavalry
33:51 Bloodlines
35:01 Iron Casting
34:30 Husbandry
34:37 Hussar
39:45 Chain Barding Armor
39:59 Heavy Plow
41:24 Conscription
41:13 Gold Mining
41:14 Stone Mining
42:28 Conscription
41:54 Elite Mangudai
44:48 Bracer
45:48 Blast Furnace
47:47 Parthian Tactics
48:30 Ballistics
49:11 Chemistry
48:23 Masonry
Hoodie Melo
7:26 Loom
10:45 Feudal Age
16:20 Castle Age
16:56 Horse Collar
19:33 Double-Bit Axe
21:30 Town Watch
21:42 Gold Mining
23:15 Crossbowman
23:49 Fletching
24:00 Padded Archer Armor
25:55 Wheelbarrow
25:20 Town Patrol
25:52 Heavy Plow
28:22 Hand Cart
29:34 Bow Saw
30:32 Bloodlines
30:22 Husbandry
30:20 Bodkin Arrow
31:42 Leather Archer Armor
31:24 Stone Mining
32:09 Gold Shaft Mining
32:58 Thumb Ring
33:41 Town Patrol
33:53 Scale Barding Armor
33:58 Forging
33:11 Light Cavalry
36:27 Chain Barding Armor
36:42 Iron Casting
36:12 Elite Skirmisher
37:09 Light Cavalry
40:12 Ballistics
39:33 Treadmill Crane
40:03 Masonry
43:19 Imperial Age
44:27 Conscription
43:28 Elite Mameluke
44:21 Bracer
44:56 Plate Barding Armor
45:21 Blast Furnace
45:02 Ring Archer Armor
46:31 Siege Engineers
48:52 Chemistry
49:40 Plate Barding Armor
AlexAlmi
13:04 Feudal Age
17:56 Castle Age
16:43 Double-Bit Axe
19:41 Stone Mining
19:55 Horse Collar
25:33 Bow Saw
27:38 Heavy Plow
31:55 Stone Shaft Mining
31:11 Gold Mining
34:48 Imperial Age
33:12 Wheelbarrow
34:03 Ballistics
35:08 Elite Conquistador
36:31 Conscription
36:51 Padded Archer Armor
36:41 Fletching
37:55 Chemistry
42:17 Leather Archer Armor
42:07 Husbandry
42:25 Bloodlines
42:15 Bodkin Arrow
42:43 Hand Cart
42:16 Loom
TheDrunkenKoala
0:37 Loom
12:59 Feudal Age
13:34 Double-Bit Axe
14:50 Horse Collar
23:42 Castle Age
23:27 Wheelbarrow
22:49 Stone Mining
24:10 Bloodlines
23:52 Pikeman
25:39 Heavy Plow
27:10 Bow Saw
28:26 Gold Mining
30:34 Husbandry
31:43 Fletching
34:08 Thumb Ring
33:26 Elite Skirmisher
35:35 Padded Archer Armor
40:25 Imperial Age
38:13 Bodkin Arrow
38:34 Leather Archer Armor
41:08 Hand Cart
40:47 Onager
43:29 Conscription
42:32 Siege Onager
44:27 Bracer
46:47 Elite Genitour
49:06 Scale Barding Armor
49:01 Scale Mail Armor
49:12 Forging
yannickers
0:30 Loom
12:03 Feudal Age
12:08 Man-at-Arms
13:29 Double-Bit Axe
14:26 Horse Collar
21:01 Castle Age
21:30 Fletching
21:08 Pikeman
25:44 Bodkin Arrow
28:17 Kasbah
30:21 Bow Saw
30:13 Heavy Plow
30:48 Ballistics
30:24 Murder Holes
33:25 Wheelbarrow
32:40 Town Watch
33:09 Gold Mining
33:57 Stone Mining
35:28 Treadmill Crane
36:12 Hand Cart
38:57 Imperial Age
37:47 Hand Cart
38:24 Gold Shaft Mining
38:27 Stone Shaft Mining
39:02 Masonry
39:02 Padded Archer Armor
39:14 Forging
39:09 Scale Barding Armor
39:16 Caravan
39:14 Cavalier
39:17 Heavy Camel Rider
40:08 Bloodlines
39:58 Husbandry
40:33 Bracer
41:53 Conscription
40:58 Elite Camel Archer
41:56 Heavy Camel Rider
43:00 Chain Barding Armor
43:15 Iron Casting
43:04 Guilds
43:29 Bloodlines
43:20 Husbandry
45:09 Crop Rotation
45:35 Plate Barding Armor
45:36 Iron Casting
45:17 Leather Archer Armor
William
12:32 Feudal Age
15:21 Loom
18:06 Castle Age
15:59 Double-Bit Axe
17:22 Gold Mining
17:17 Horse Collar
19:21 Husbandry
20:06 Scale Barding Armor
20:14 Forging
26:07 Wheelbarrow
28:00 Stone Mining
28:35 Town Watch
29:36 Iron Casting
33:32 Chain Barding Armor
36:12 Heavy Plow
39:33 Imperial Age
37:48 Bloodlines
38:49 Hand Cart
39:48 Cavalier
41:47 Plate Barding Armor
46:07 Blast Furnace
45:36 Conscription
46:51 Paladin
FirstToQuitIsGaaaay
9:28 Loom
13:36 Feudal Age
17:59 Castle Age
17:56 Double-Bit Axe
18:29 Town Watch
20:04 Horse Collar
25:21 Wheelbarrow
24:58 Gold Mining
25:34 Fletching
26:14 Ballistics
28:05 Bodkin Arrow
29:08 Padded Archer Armor
30:14 Leather Archer Armor
42:35 Imperial Age
44:02 Hand Cart
44:56 Conscription
46:24 Bow Saw
49:35 Bracer
Connection lost

Rejoining the realm…

Still unreachable

The connection could not be restored.

Session expired

The server has moved on; the page needs a fresh start.